Map: Artillería pesada EE

Players

ESPARTACO

  • Race: Protoss Protoss
  • Spawn Location: 7:00

cristhian

  • Race: Protoss Protoss
  • Spawn Location: 7:00

MrFercho - Winner!

  • Race: Zerg Zerg
  • League: Silver
  • Spawn Location: 1:00

tigro - Winner!

  • Race: Terran Terran
  • League: Bronze
  • Spawn Location: 3:00

VOD

Have the link to the VOD?

Description

Time

  • Played on: June 27, 2020, 10:12 p.m.
  • Length: 27:24
Show
View Real Time Build Order
Export as new Build Order

ESPARTACO Protoss 

Build Orders:  

Get SALT Encoding   

  12  0:27  Pylon  
  12  0:43  Probe  
  12  0:49  Forge  
  13  0:55  Probe  
  14  1:07  Probe  
  15  1:14  Pylon  
  15  1:19  Probe  
  16  1:35  Photon Cannon  
  16  1:47  Photon Cannon  
  16  1:54  Pylon  
  16  2:00  Photon Cannon  
  16  2:03  Photon Cannon  
  15  2:42  Photon Cannon  
  15  2:44  Photon Cannon  
  15  3:19  Photon Cannon  
  15  3:37  Photon Cannon  
  15  3:47  Photon Cannon  
  15  3:58  Pylon  
  15  4:07  Pylon  
  15  4:12  Pylon  
  15  4:32  Gateway  
  15  4:42  Assimilator  
  15  4:45  Assimilator  
  15  5:04  Pylon  
  15  5:06  Pylon  
  15  5:10  Pylon  
  15  5:52  Cybernetics Core  
  15  6:00  Probe  
  16  6:12  Probe  
  17  6:24  Probe  
  18  6:37  Probe  
  18  6:49  Probe  
  18  7:37  Pylon  
  18  7:46  Pylon  
  18  8:02  Pylon  
  18  8:07  Photon Cannon  
  18  8:12  Photon Cannon  
  18  8:13  Photon Cannon  
  18  8:17  Photon Cannon  
  18  8:21  Photon Cannon  
  18  8:23  Photon Cannon  
  18  8:26  Photon Cannon  
  18  8:28  Photon Cannon  
  18  8:30  Photon Cannon  
  18  8:33  Photon Cannon  
  18  8:35  Pylon  
  18  8:40  Pylon  
  18  8:44  Photon Cannon  
  18  8:47  Photon Cannon  
  18  8:48  Photon Cannon  
  18  8:52  Photon Cannon  
  18  8:57  Pylon  
  18  9:01  Photon Cannon  
  18  9:13  Pylon  
  18  9:16  Photon Cannon  
  18  9:34  Pylon  
  18  9:43  Pylon  
  18  9:56  Pylon  
  18  10:00  Pylon  
  18  10:10  Photon Cannon  
  18  10:31  Photon Cannon  
  18  10:34  Photon Cannon  
  18  11:49  Assimilator  
  18  12:00  Assimilator  
  18  12:07  Photon Cannon  
  18  12:09  Photon Cannon  
  18  12:12  Photon Cannon  
  18  12:30  Nexus  
  18  13:17  Nexus  
  18  13:33  Pylon  
  18  14:02  Probe  
  19  14:14  Probe  
  20  14:26  Probe  
  21  14:35  Pylon  
  21  14:36  Probe  
  23  14:38  Probe  
  23  14:48  Pylon, Probe  
  23  14:50  Probe  
  25  14:56  Pylon  
  25  15:00  Probe  
  26  15:12  Probe  
  27  15:16  Pylon  
  27  15:18  Photon Cannon  
  27  15:22  Photon Cannon  
  27  15:24  Probe  
  27  15:25  Photon Cannon  
  28  15:36  Probe  
  28  15:42  Photon Cannon  
  29  15:48  Probe  
  30  15:55  Photon Cannon  
  30  15:59  Photon Cannon  
  30  16:01  Probe  
  30  16:02  Photon Cannon  
  31  16:07  Photon Cannon  
  31  16:08  Photon Cannon  
  31  16:13  Probe  
  31  16:14  Photon Cannon  
  32  16:21  Photon Cannon  
  29  17:06  Probe  
  30  17:18  Probe  
  31  17:25  Probe  
  32  17:30  Probe  
  33  17:37  Probe  
  33  17:42  Probe  
  35  17:49  Probe  
  35  17:50  Protoss Air Armor Level 1  
  36  17:54  Probe  
  36  17:57  Pylon  
  37  18:01  Probe  
  37  18:02  Pylon  
  38  18:06  Pylon  
  38  18:12  Pylon  
  38  18:13  Probe  
  38  18:18  Pylon  
  39  18:42  Twilight Council  
  39  18:52  Stargate  
  39  18:58  Stargate  
  39  19:00  Stargate  
  39  19:09  Stargate  
  39  19:13  Stargate  
  39  19:18  Stargate  
  39  19:21  Stargate  
  39  19:34  Robotics Facility  
  39  19:38  Templar Archives  
  39  19:55  Dark Shrine  
  39  20:16  Fleet Beacon  
  39  20:41  Robotics Bay  
  39  21:23  Stargate  
  37  21:32  Stargate  
  37  21:38  Stargate  
  37  21:54  Carrier  
  37  21:55  Carrier x4  
  37  21:56  Carrier  
  73  22:23  Assimilator  
  73  22:29  Assimilator  
  73  22:58  Assimilator  
  73  23:47  Pylon  
  27  25:53  Probe  
  28  26:05  Probe  
  29  26:17  Probe  
  24  26:29  Probe  
  20  26:41  Probe  
Show
View Real Time Build Order
Export as new Build Order

cristhian Protoss 

Build Orders: Cannon Rush 

Get SALT Encoding   

  12  0:05  Probe  
  13  0:22  Pylon  
  13  0:45  Pylon  
  13  0:49  Probe  
  14  0:53  Forge  
  14  1:01  Probe  
  15  1:10  Pylon  
  15  1:29  Photon Cannon  
  15  1:33  Photon Cannon  
  15  1:43  Photon Cannon  
  15  1:47  Photon Cannon  
  15  1:58  Probe  
  16  2:10  Probe  
  16  2:13  Pylon  
  17  2:23  Probe  
  17  2:27  Photon Cannon  
  18  2:34  Photon Cannon  
  18  2:40  Photon Cannon  
  18  2:46  Pylon  
  18  3:03  Photon Cannon  
  18  3:09  Probe  
  19  3:21  Probe  
  20  3:33  Probe  
  21  3:40  Assimilator  
  21  3:42  Assimilator  
  21  3:45  Probe  
  22  3:57  Probe  
  23  4:09  Probe  
  24  4:18  Photon Cannon  
  24  4:21  Probe  
  25  4:28  Gateway  
  25  4:34  Pylon  
  25  4:39  Probe  
  26  4:56  Nexus  
  26  4:59  Probe  
  27  5:11  Probe  
  28  5:26  Cybernetics Core  
  28  5:36  Assimilator  
  28  5:43  Assimilator  
  28  6:04  Stargate  
  28  6:09  Stargate  
  28  6:15  Stargate  
  28  6:17  Probe  
  29  6:24  Pylon  
  29  6:32  Stargate  
  29  6:37  Probe  
  30  6:49  Probe  
  31  7:01  Fleet Beacon, Probe  
  32  7:13  Photon Cannon  
  32  7:16  Probe  
  32  7:21  Probe  
  34  7:28  Probe  
  35  7:33  Photon Cannon, Probe  
  36  7:41  Probe  
  37  7:45  Probe  
  37  7:47  Tempest x2  
  48  7:53  Probe  
  48  7:55  Tempest  
  54  8:15  Probe  
  55  8:20  Probe  
  55  8:26  Pylon  
  56  8:27  Probe  
  56  8:32  Probe  
  58  8:38  Pylon  
  58  8:39  Probe  
  59  8:51  Pylon  
  59  8:56  Tempest  
  59  9:01  Tempest  
  59  9:02  Tempest  
  74  9:09  Tempest  
  79  9:26  Pylon  
  74  9:31  Pylon  
  74  10:20  Tempest x2  
  84  10:34  Photon Cannon  
  84  10:43  Photon Cannon  
  84  10:46  Probe  
  85  11:19  Tempest  
  85  11:20  Tempest  
  79  12:20  Tempest x2  
  79  12:21  Tempest  
  79  12:22  Tempest  
  99  12:29  Probe  
  100  12:34  Pylon  
  100  12:41  Probe  
  100  12:43  Probe  
  102  12:53  Probe  
  102  12:55  Probe  
  104  13:06  Probe  
  105  13:18  Probe  
  71  13:50  Tempest  
  71  13:51  Tempest  
  71  13:52  Tempest  
  86  14:01  Protoss Air Weapons Level 1  
  86  14:06  Nexus  
  86  14:33  Tempest  
  91  14:42  Tempest x2  
  96  15:19  Tempest x2  
  106  15:39  Photon Cannon  
  106  15:40  Photon Cannon  
  106  15:42  Photon Cannon  
  105  16:10  Protoss Air Armor Level 1  
  95  17:42  Nexus  
  95  17:47  Pylon  
  95  17:52  Nexus  
  95  17:57  Photon Cannon  
  95  17:58  Photon Cannon  
  95  18:01  Photon Cannon  
  95  18:05  Pylon  
  95  18:09  Photon Cannon  
  95  18:11  Photon Cannon  
  95  18:13  Photon Cannon  
  95  18:16  Photon Cannon  
  95  18:18  Photon Cannon  
  95  18:23  Tempest x2  
  100  18:43  Tempest  
  100  18:54  Tempest  
  105  19:01  Pylon  
  105  19:04  Pylon  
  105  19:05  Tempest x2  
  105  19:07  Pylon  
  115  19:20  Pylon  
  115  19:26  Probe  
  115  19:29  Photon Cannon  
  116  19:32  Assimilator  
  116  19:37  Assimilator  
  116  19:38  Probe  
  117  19:50  Probe x2  
  119  19:55  Assimilator  
  119  20:02  Probe x2  
  121  20:14  Probe  
  115  21:00  Tempest  
  115  21:01  Tempest x2  
  130  21:46  Tempest  
  130  22:09  Tempest  
  130  22:10  Tempest  
  130  22:11  Tempest  
  75  22:48  Photon Cannon  
  75  22:51  Photon Cannon  
  75  22:52  Tempest  
  75  22:55  Photon Cannon  
  64  23:15  Photon Cannon  
  64  23:18  Photon Cannon  
  64  23:19  Photon Cannon  
  54  23:21  Photon Cannon  
  54  23:23  Photon Cannon  
  54  23:27  Photon Cannon  
  54  23:36  Photon Cannon  
  54  23:39  Photon Cannon  
  49  23:48  Pylon  
  48  23:58  Photon Cannon x2  
  48  23:59  Photon Cannon  
  48  24:01  Photon Cannon x2  
  48  24:03  Photon Cannon  
  48  24:07  Photon Cannon  
Show
View Real Time Build Order
Export as new Build Order

MrFercho Zerg - Winner!

Build Orders: Hatch First 

Get SALT Encoding   

  12  0:01  Drone  
  13  0:23  Overlord  
  13  0:31  Drone  
  14  0:45  Drone x2  
  16  1:09  Hatchery  
  15  1:15  Spawning Pool  
  14  1:25  Drone x3  
  17  1:53  Hatchery  
  16  1:56  Drone  
  16  1:57  Drone  
  16  1:58  Drone  
  19  2:09  Queen  
  19  2:11  Spine Crawler  
  21  2:22  Extractor  
  20  2:27  Drone x2  
  22  2:39  Hatchery  
  22  2:43  Zergling x2  
  22  2:45  Overlord  
  22  3:03  Drone x2  
  24  3:08  Drone  
  25  3:15  Drone  
  26  3:29  Spine Crawler  
  26  3:33  Drone x3  
  28  3:38  Extractor  
  27  3:42  Queen  
  27  3:46  Drone x3  
  32  4:02  Lair  
  32  4:11  Evolution Chamber  
  32  4:14  Evolution Chamber  
  30  4:18  Roach Warren, Drone x6  
  35  4:37  Drone x6  
  41  4:44  Lair  
  41  4:50  Overlord x3  
  41  4:58  Zerg Missile Weapons Level 1  
  41  5:04  Drone  
  41  5:06  Overlord x3  
  42  5:18  Drone x6  
  48  5:24  Queen  
  50  5:44  Spine Crawler  
  50  5:48  Spore Crawler  
  50  5:49  Spore Crawler  
  47  6:00  Spire  
  47  6:01  Infestation Pit  
  45  6:07  Hydralisk Den  
  45  6:09  Drone x9  
  53  6:14  Extractor  
  53  6:15  Extractor  
  51  6:27  Drone x2  
  53  6:40  Hydralisk x5  
  63  6:47  Overlord  
  63  6:54  Extractor  
  63  6:56  Extractor  
  63  6:57  Drone x10  
  71  7:22  Mutalisk x3  
  73  7:26  Hatchery  
  76  7:30  Drone x7  
  76  7:31  Drone x3  
  86  7:58  Hydralisk  
  86  7:59  Hydralisk x4  
  86  8:05  Mutalisk  
  96  8:07  Overlord  
  96  8:08  Overlord x5  
  98  8:17  Hatchery  
  98  8:18  Zerg Flyer Weapons Level 1  
  98  8:19  Zerg Missile Weapons Level 2  
  97  8:20  Zerg Ground Armor Level 1  
  97  8:22  Muscular Augments  
  97  8:38  Drone x6  
  103  8:42  Drone x7  
  103  8:43  Extractor  
  105  9:12  Drone x2  
  105  9:13  Mutalisk x7  
  119  9:19  Spine Crawler  
  119  9:21  Spine Crawler  
  92  9:46  Mutalisk x7  
  79  10:50  Drone x3  
  82  11:07  Corruptor  
  82  11:08  Corruptor x8  
  96  11:14  Extractor  
  95  11:23  Drone x6  
  101  11:33  Burrow  
  96  11:42  Corruptor  
  96  11:43  Corruptor x5  
  104  11:56  Corruptor x3  
  108  12:16  Extractor  
  107  12:27  Hatchery  
  107  12:28  Extractor  
  105  12:32  Extractor  
  104  12:38  Drone x4  
  104  12:39  Drone x2  
  104  12:42  Hatchery  
  109  12:53  Hive  
  109  13:01  Spire  
  104  13:13  Corruptor  
  104  13:14  Corruptor x3  
  104  13:17  Overlord x6  
  110  13:37  Corruptor x6  
  120  14:02  Drone x4  
  124  14:08  Greater Spire  
  124  14:12  Grooved Spines  
  124  14:18  Corruptor x2  
  124  14:19  Corruptor x4  
  135  14:34  Zerg Flyer Weapons Level 2  
  135  14:46  Drone x2  
  135  14:51  Corruptor x4  
  144  15:08  Extractor  
  144  15:12  Extractor  
  142  15:34  Overlord x6  
  142  15:42  Drone x6  
  148  15:52  Brood Lord x6  
  148  15:54  Brood Lord x4  
  168  16:04  Corruptor x4  
  176  16:16  Drone  
  176  16:17  Drone x5  
  172  17:19  Overseer  
  172  17:27  Corruptor x6  
  184  17:33  Drone x6  
  190  17:50  Corruptor x4  
  190  17:51  Corruptor  
  181  18:58  Corruptor  
  181  18:59  Corruptor x5  
  193  19:08  Brood Lord x3  
  171  21:20  Hydralisk x12  
  195  21:26  Zerg Missile Weapons Level 3  
  195  21:27  Zerg Flyer Weapons Level 3  
  195  21:30  Zerg Flyer Armor Level 1  
  171  22:34  Corruptor  
  171  22:35  Corruptor x5  
  181  22:41  Corruptor x6  
  187  23:21  Hydralisk x6  
  195  23:50  Brood Lord  
  195  23:51  Brood Lord  
  199  24:02  Zerg Ground Armor Level 2  
  191  24:48  Brood Lord x4  
Show
View Real Time Build Order
Export as new Build Order

tigro Terran - Winner!

Build Orders:  

Get SALT Encoding   

  12  0:04  SCV  
  13  0:16  SCV  
  14  0:21  Supply Depot  
  15  0:28  SCV  
  15  0:43  SCV  
  15  0:46  Barracks  
  16  0:55  SCV  
  17  0:58  Refinery  
  17  1:07  Supply Depot, SCV  
  18  1:19  SCV  
  19  1:36  Marine  
  20  1:44  Barracks  
  20  1:53  Marine, SCV  
  21  2:01  Refinery  
  21  2:05  SCV  
  21  2:11  Marine  
  22  2:17  SCV  
  23  2:29  Marine, SCV  
  25  2:41  SCV  
  26  2:47  Marine  
  27  2:59  Orbital Command  
  27  3:00  Factory  
  27  3:07  Barracks Reactor  
  27  3:24  Barracks Tech Lab  
  27  3:55  Factory Tech Lab  
  27  3:57  Combat Shield  
  27  4:11  Marine x3  
  27  4:13  Engineering Bay  
  30  4:29  Marine x3  
  33  4:35  Command Center  
  33  4:40  Siege Tank  
  36  4:47  Marine x3  
  39  4:55  Refinery  
  39  5:08  Marine  
  39  5:09  Marine x2  
  39  5:12  Siege Tank  
  45  5:16  Stimpack  
  45  5:26  Marine  
  46  5:59  Missile Turret  
  46  6:11  Terran Infantry Weapons Level 1  
  46  6:12  Refinery  
  46  6:19  Missile Turret  
  44  6:40  Missile Turret  
  44  7:01  Missile Turret  
  44  7:24  Missile Turret  
  44  7:44  Starport  
  44  7:50  Siege Tank  
  47  8:06  Terran Infantry Armor Level 1  
  47  8:22  Starport  
  47  8:31  Medivac  
  47  8:32  Missile Turret  
  49  8:35  Marine x2  
  49  8:36  Marine  
  52  8:48  Supply Depot  
  52  8:53  Marine x3  
  55  9:00  Medivac  
  57  9:11  Marine x3  
  57  9:12  Supply Depot, Fusion Core  
  58  9:29  Marine x3  
  39  9:47  Marine  
  39  10:00  Neosteel Armor  
  32  10:39  Command Center  
  32  10:40  Starport Tech Lab  
  32  10:52  Starport Tech Lab  
  32  10:58  Refinery  
  32  11:03  Refinery  
  32  11:14  Marine x3  
  32  11:18  Medivac x2  
  39  11:23  Weapon Refit  
  39  11:32  Marine x3  
  42  11:40  Hi-Sec Auto Tracking  
  42  11:44  Armory  
  42  11:50  Marine x3  
  45  12:00  SCV  
  46  12:02  Command Center  
  46  12:08  Marine x3  
  49  12:12  SCV  
  50  12:24  SCV  
  50  12:26  Marine  
  50  12:27  Missile Turret  
  52  12:36  SCV  
  53  12:49  Missile Turret, SCV  
  54  13:04  Rapid Reignition System  
  54  13:10  Missile Turret  
  54  13:22  Terran Vehicle Weapons Level 1  
  54  13:25  Terran Infantry Weapons Level 2  
  54  13:36  SCV  
  55  13:48  SCV  
  56  13:56  Marine  
  56  13:57  Marine x2  
  56  14:00  Advanced Ballistics, SCV  
  60  14:12  SCV  
  60  14:14  Marine x3  
  64  14:24  SCV  
  65  14:32  Marine x3  
  68  14:38  Missile Turret  
  68  14:50  Marine x3  
  71  15:02  Missile Turret  
  71  15:08  Marine x3  
  74  15:16  Terran Vehicle And Ship Armor Level 1  
  73  15:25  Marine  
  73  15:26  Marine x2  
  74  15:40  Terran Infantry Armor Level 2  
  74  15:43  Marine x3  
  70  16:01  Marine x3  
  53  16:19  Marine x3  
  50  16:34  Battlecruiser  
  50  16:37  Medivac, Marine  
  59  16:49  Siege Tank  
  62  17:07  Medivac  
  64  17:10  Terran Ship Weapons Level 1  
  64  17:11  Refinery  
  64  17:20  Refinery  
  64  17:38  Battlecruiser  
  70  17:45  SCV  
  70  17:48  Planetary Fortress  
  71  17:58  SCV  
  72  18:10  Missile Turret, SCV  
  72  18:11  Marine  
  72  18:12  Marine x2  
  76  18:22  SCV  
  77  18:29  Marine x2, Missile Turret  
  77  18:30  Marine  
  81  18:34  SCV  
  81  18:39  Terran Infantry Weapons Level 3  
  81  18:43  Battlecruiser  
  81  18:47  Marine x3  
  90  18:57  Missile Turret  
  90  19:05  Marine x3  
  93  19:23  Marine  
  94  19:31  Command Center  
  94  19:44  Missile Turret  
  94  19:45  Marine  
  94  19:46  Marine x2  
  94  19:47  Battlecruiser  
  103  20:00  Refinery  
  103  20:03  Marine  
  103  20:04  Marine x2, Refinery  
  103  20:06  Missile Turret  
  95  20:21  Marine x3  
  95  20:27  Missile Turret  
  76  20:39  Marine x2  
  63  20:51  Battlecruiser, Missile Turret  
  63  20:55  Marine  
  70  20:57  Marine x2  
  70  20:58  Medivac  
  74  21:13  Marine  
  74  21:15  Marine x2, Missile Turret  
  74  21:16  Terran Infantry Armor Level 3  
  77  21:26  Planetary Fortress  
  77  21:28  Medivac  
  77  21:31  Marine  
  77  21:32  Marine  
  80  21:33  Marine  
  80  21:38  Missile Turret  
  82  21:49  Marine  
  82  21:50  Marine  
  84  21:55  Battlecruiser  
  84  21:58  Battlecruiser  
  84  21:59  Marine  
  97  22:06  Marine, SCV  
  99  22:08  Marine  
  100  22:17  Marine  
  100  22:19  SCV  
  102  22:24  Marine  
  102  22:26  Marine  
  104  22:31  SCV  
  104  22:35  Marine  
  106  22:42  Marine  
  106  22:43  SCV  
  108  22:44  Marine  
  109  22:53  Marine  
  109  22:55  SCV  
  111  23:00  Marine, Battlecruiser  
  111  23:02  Marine  
  111  23:03  Battlecruiser  
  121  23:11  Marine  
  122  23:18  Marine  
  122  23:19  Marine  
  124  23:28  Marine  
  125  23:36  Marine  
  125  23:37  Marine  
  127  23:46  Marine  
  128  23:53  Marine  
  128  23:55  Marine  
  125  24:04  Marine  
  125  24:11  Marine  
  125  24:13  Marine  
  127  24:22  Marine  
  126  24:29  Marine  
  126  24:31  Marine  
  123  24:49  Marine  
  121  25:45  Battlecruiser  
  121  25:46  Battlecruiser  
  133  25:57  Marine x3  
  136  26:14  Marine  
  136  26:15  Marine x2  
  139  26:19  Supply Depot  
  139  26:35  Marine x3  
  134  26:42  Supply Depot  
  123  26:53  Marine x3  
Tags
 
Add a new tag
Caveats
  • Supply blocks, unpowered buildings, or Contaminate may cause inaccurate times.
  • Supply counts are checked every 10 seconds.